 Dungeon Crawl Stone Soup version 0.25-a0-424-g80bd347ae0 (webtiles) character file.

Game seed: 8575225870027695831, levelgen mode: deterministic

21 Guilu the Ruffian (level 2, 0/23 HPs)
             Began as a Draconian Transmuter on Jan 21, 2020.
             Slain by a gnoll
             ... wielding a +0 spear
              (5 damage)
             ... on level 1 of the Dungeon.
             The game lasted 00:03:00 (398 turns).

Guilu the Ruffian (Draconian Transmuter)             Turns: 398, Time: 00:03:01

Health: 0/23       AC:  4    Str: 12    XL:     2   Next: 65%
Magic:  3/5        EV: 12    Int: 13    God:
Gold:   6          SH:  0    Dex: 11    Spells: 2/5 levels left

rFire    . . .     SeeInvis .     - Unarmed
rCold    . . .     Gourm    .   (no shield)
rNeg     . . .     Faith    .   (armour unavailable)
rPois    .         Spirit   .   (helmet restricted)
rElec    .         Reflect  .   (no cloak)
rCorr    .         Harm     .   (no gloves)
MR       .....                  (no boots)
Stlth    +.........             (no amulet)
HPRegen  0.07/turn              (no ring)
MPRegen  0.09/turn              (no ring)

@: appendage (expiring)
A: unfitting armour, horns 2, cold-blooded, AC +4
a: End Transformation


You were on level 1 of the Dungeon.
You were not hungry.
You had grown temporary horns.
You visited 1 branch of the dungeon, and saw 1 of its levels.

You collected 6 gold pieces.

Inventory:

Missiles
 a - 11 arrows
Scrolls
 b - a scroll of random uselessness {unknown}
 f - a scroll of immolation {unknown}
Potions
 e - a potion of resistance {unknown}
Comestibles
 c - a ration
 d - 4 chunks of flesh


   Skills:
 + Level 1.6 Fighting
 - Level 2.0 Dodging
 + Level 3.2 Unarmed Combat
 + Level 2.2 Spellcasting
 + Level 2.3 Transmutations


You had 2 spell levels left.
You knew the following spells:

 Your Spells              Type           Power        Failure   Level  Hunger
a - Beastly Appendage     Tmut           #.....       10%         1    ##.....
b - Sticks to Snakes      Tmut           #.......     14%         2    ###....

Your spell library contained the following spells:

 Spells                   Type           Power        Failure   Level  Hunger
 Spider Form              Tmut/Pois      #.........   43%         3    ####...
 Ice Form                 Ice/Tmut       #.......     83%         4    #####..
 Blade Hands              Tmut           #.........   95%         5    ######.


Dungeon Overview and Level Annotations

Branches:
Dungeon (1/15)

Altars:


Innate Abilities, Weirdness & Mutations

Your plain brown scales are hard. (AC +4)
You cannot fit into any form of body armour.
You are cold-blooded and may be slowed by cold attacks.
You have a pair of horns on your head.


Message History

Confirm with . or Enter, or press ? or * to list all spells.
You grow a pair of large bovine horns.
Your adder bites the jackal.
The jackal dies!
You swap places.
You see here a jackal corpse.
You butcher the jackal corpse.
Your transformation is almost over.
d - 4 chunks of flesh (gained 1)
You see here a jackal skeleton.
You swap places.
A gnoll opens the door.
The gnoll hits you with a +0 spear.
* * * LOW HITPOINT WARNING * * *
There is an open door here.
You hit the gnoll but do no damage. Your headbutt misses the gnoll.
The gnoll closely misses you.
You hit the gnoll but do no damage. You headbutt the gnoll!
The gnoll is heavily wounded.
The gnoll hits you with a +0 spear.
You die...

#........ ........ ...
......# ... .....# ####..
....# ...... #...+ ..#
........###g..# ..#
.........# #@# ####### #..
.........###S# #.....#####..
.........÷##.# #..⌠.....##..
.............####.........#..
.............#.#......#......
......................# #..÷.
................#..<..# ##...
.............#........###....
.............#.#......#......


You could see a gnoll and a friendly adder.

Vanquished Creatures
  An ooze (D:1)
  2 bats (D:1)
  2 giant cockroaches (D:1)
  A goblin (D:1)
  2 hobgoblins (D:1)
  2 jackals (D:1)
  A kobold (D:1)
  3 rats (D:1)
14 creatures vanquished.

Vanquished Creatures (collateral kills)
  2 jackals (D:1)
2 creatures vanquished.

Grand Total: 16 creatures vanquished

Notes
Turn   | Place    | Note
-------+----------+-------------------------------------------
     0 | D:1      | Guilu the Draconian Transmuter began the quest for the Orb.
     0 | D:1      | Reached XP level 1. HP: 16/16 MP: 3/3
   273 | D:1      | Reached XP level 2. HP: 23/23 MP: 3/5
   346 | D:1      | Learned a level 2 spell: Sticks to Snakes
   398 | D:1      | Slain by a gnoll

Levels and vault maps discovered:
D:1:      dpeg_arrival_arbitrary_c, layout_basic, minmay_pentomino_o4

Skill      XL: |  1  2 |
---------------+-------+-----
Dodging        | 2 |  2.0
Fighting       | |  1.6
Unarmed Combat | |  3.2
Spellcasting   | |  2.2
Transmutations | |  2.3

Action                   || total
-------------------------++-------
Melee: Unarmed           ||    56
       Kick              ||     6
       Tailslap          ||     5
       Headbutt          ||     2
 Cast: Beastly Appendage ||     8
       Sticks to Snakes  ||     1
Armor: Skin              ||    19
Dodge: Dodged            ||    41

Table legend:
 A = Non-vault XP
 B = Vault XP
 C = Vault XP percentage of total XP
 D = Non-vault monster count
 E = Vault monster count
 F = Vault count percentage of total count
                 A         B        C        D         E       F
            +---------+---------+-------+---------+---------+-------
      Total |      31 |       0 |   0.0 |      16 |       0 |   0.0
            +---------+---------+-------+---------+---------+-------
        D:1 |      31 |       0 |   0.0 |      16 |       0 |   0.0
            +---------+---------+-------+---------+---------+-------
